 Dungeon Crawl Stone Soup version 0.25-a0-246-g58704a1ebd (webtiles) character file.

Game seed: 16938764394149903557, levelgen mode: deterministic

681 Borgoz the Skirmisher (level 7, -3/44 HPs)
             Began as a Gargoyle Fighter on Dec 3, 2019.
             Was an Initiate of Ashenzari.
             Killed from afar by Dowan (32 damage)
             ... with a shard of ice
             ... on level 4 of the Dungeon.
             The game lasted 00:05:26 (3163 turns).

Borgoz the Skirmisher (Gargoyle Fighter)            Turns: 3163, Time: 00:05:27

Health: -3/44      AC: 15    Str: 22    XL:     7   Next: 61%
Magic:  7/7        EV:  7    Int:  8    God:    Ashenzari [......]
Gold:   124        SH: 10    Dex:  9    Spells: 6/6 levels left

rFire    . . .     SeeInvis .   a - +1 flail (curse)
rCold    . . .     Gourm    .   c - +0 shield
rNeg     + . .     Faith    .   j - +1 scale mail {rPois}
rPois    ∞         Spirit   .   (no helmet)
rElec    +         Reflect  .   q - +0 cloak
rCorr    .         Harm     +   (no gloves)
MR       .....                  u - +0 pair of boots
Stlth    ..........             i - amulet of harm
HPRegen  0.14/turn              (no ring)
MPRegen  0.10/turn              (no ring)

@: no status effects
A: negative energy resistance 1, electricity resistance, unbreathing,
petrification resistance, rot immunity, AC +4
a: Curse Item, Renounce Religion


You were on level 4 of the Dungeon.
You worshipped Ashenzari.
Ashenzari was noncommittal.
You were not hungry.

You visited 2 branches of the dungeon, and saw 5 of its levels.

You collected 124 gold pieces.

Inventory:

Hand Weapons
 a - a cursed +1 flail (weapon)
Armour
 c - a +0 shield (worn)
 j - a +1 scale mail of poison resistance (worn)
 q - a +0 cloak (worn)
 u - a +0 pair of boots (worn)
Jewellery
 i - an amulet of harm (around neck)
 m - an uncursed ring of ice
Scrolls
 b - a scroll of fear {unknown}
 e - a scroll of remove curse
 l - a scroll of blinking {unknown}
 n - 2 scrolls of enchant weapon
 r - a scroll of fog {unknown}
 s - a scroll of teleportation {unknown}
 v - a scroll of random uselessness {unknown}
Potions
 g - a potion of flight {unknown}
 h - a potion of cancellation {unknown}
 k - a potion of haste
 p - a potion of ambrosia
 t - a potion of lignification {unknown}
Comestibles
 f - 11 rations


   Skills:
 + Level 5.5 Fighting
 + Level 4.3 Maces & Flails
 + Level 5.5 Armour
 + Level 5.4 Shields


You had 6 spell levels left.
You didn't know any spells.
Your spell library was empty.

Dungeon Overview and Level Annotations

Branches:
Dungeon (4/15)             Temple (1/1) D:4

Altars:
Ashenzari
Elyvilon
Fedhas
Gozag
Hepliaklqana
Kikubaaqudgha
Makhleb
Nemelex Xobeh
Okawaru
Ru
Sif Muna
Trog
Uskayaw
Vehumet
Wu Jian
Xom
Yredelemnul
Zin
The Shining One

Annotations:
D:4 Dowan


Innate Abilities, Weirdness & Mutations

You are resistant to torment.
Your stone body is resilient. (AC +4)
You are immune to poison.
You resist negative energy. (rN+)
You are resistant to electric shocks. (rElec)
You can survive without breathing.
You are immune to petrification.
You are immune to rotting.


Message History

Dowan is heavily wounded.
Dowan says, "Magic will overcome all!"
Dowan hits you but does no damage. x2
You sock Dowan!
Dowan is almost dead.
Dowan gestures at you while chanting. The shard of ice hits you!!
* * * LOW HITPOINT WARNING * * *
Dowan hits you but does no damage.
You are too injured to fight recklessly!
You are too injured to fight recklessly!
Your shield and scale mail prevent you from hitting Dowan.
Dowan is almost dead.
Dowan casts a spell.
Dowan blinks!
You feel much better. Dowan casts a spell at you. The shard of ice hits you!!
Ouch! That really hurt!
You die...

.... #.# #... #.#
..... #.# .....
#.#
#.....#....#...#.#
#..#......(....#.#
#..#....##......e#
#.......##[...##§#
#.............##@#
#.....#....#...#.#
...............#.#
...............#.#
.......##......#.#
.....#####.#...#.#
.).### #.###.#.#
.#[# #.# #.#.#
.#.#######.# #.#.#


You could see Dowan.

Vanquished Creatures
  Eustachio (D:4)
  Duvessa (D:4)
  A howler monkey (D:4)
  An orc priest (D:4)
  Crazy Yiuf (D:3)
  3 orc wizards (D:4)
  An iguana (D:4)
  Terence (D:2)
  3 worker ants (D:4)
  A hound skeleton (D:4)
  5 adders
  An ooze (D:1)
  6 worms
  A dart slug (D:3)
  10 orcs
  A ball python (D:1)
  6 giant cockroaches
  5 goblins
  4 hobgoblins (D:2)
  3 jackals (D:1)
  2 quokkas
  3 bats
  4 kobolds
  7 rats
72 creatures vanquished.

Notes
Turn   | Place    | Note
-------+----------+-------------------------------------------
     0 | D:1      | Borgoz the Gargoyle Fighter began the quest for the Orb.
     0 | D:1      | Reached XP level 1. HP: 14/14 MP: 1/1
   246 | D:1      | Reached XP level 2. HP: 19/19 MP: 2/2
   708 | D:2      | Reached XP level 3. HP: 23/23 MP: 3/3
  1136 | D:2      | Found a glowing golden altar of the Shining One.
  1148 | D:2      | Found a burning altar of Makhleb.
  1201 | D:2      | Reached XP level 4. HP: 26/29 MP: 4/4
  1228 | D:2      | Found a blossoming altar of Fedhas.
  1238 | D:2      | Found an ornate altar of the Wu Jian Council.
  1542 | D:3      | Noticed Terence
  1552 | D:2      | Killed Terence
  1926 | D:3      | Reached XP level 5. HP: 30/33 MP: 5/5
  2007 | D:3      | Found a runed translucent door.
  2008 | D:3      | Noticed Crazy Yiuf
  2130 | D:3      | Killed Crazy Yiuf
  2182 | D:4      | Noticed Eustachio
  2282 | D:4      | Killed Eustachio
  2282 | D:4      | Reached XP level 6. HP: 27/40 MP: 6/6
  2423 | D:4      | Found a staircase to the Ecumenical Temple.
  2458 | Temple   | Entered the Ecumenical Temple
  2650 | Temple   | Became a worshipper of Ashenzari the Shackled
  2721 | D:4      | Identified the +10 hunting sling of the Warrior {venom,
                  | Dex+2}
  2725 | D:4      | Reached skill level 5 in Armour
  2733 | D:4      | Reached skill level 5 in Fighting
  2733 | D:4      | Reached skill level 5 in Shields
  2852 | D:4      | Reached XP level 7. HP: 33/44 MP: 7/7
  3143 | D:4      | Noticed Dowan
  3145 | D:4      | Noticed Duvessa
  3157 | D:4      | Killed Duvessa
  3163 | D:4      | Killed from afar by Dowan

Levels and vault maps discovered:
D:1:      saegor_arrival_simple_b, layout_loops_cross
D:2:      layout_loops_cross, nicolae_overflow_quartered_altars
D:3:      layout_rooms, first_ration, uniq_terence, uniq_crazy_yiuf_cottage
D:4:      minmay_chambers_of_twos, layout_basic,
          minmay_temple_entry_butterflies, skrybe_limestone_x,
          hangedman_abyss_or_decor_stagger, uniq_duvessa, uniq_ijyb,
          uniq_sigmund, uniq_eustachio
Temple:   regret_index_temple_generic_petals

Skill      XL: |  1  2  3  4  5  6  7 |
---------------+----------------------+-----
Fighting       | 4 5 |  5.5
Armour         | 4 5 |  5.5
Shields        | 4 5 |  5.4
Maces & Flails | 3 4 |  4.3

Action                   |  1- 3 |  4- 6 |  7- 9 || total
-------------------------+-------+-------+-------++-------
Melee: Flail             |   101 |   173 |    48 ||   322
Invok: Curse Item        |       |     1 |       ||     1
  Use: Scroll            |       |     4 |       ||     4
       Potion            |       |     2 |     1 ||     3
  Eat: Chunk             |     1 |     6 |     1 ||     8
Armor: Scale mail        |    47 |   116 |    25 ||   188
Dodge: Dodged            |    24 |    57 |    13 ||    94
Block: Shield            |    46 |   107 |    13 ||   166

Table legend:
 A = Non-vault XP
 B = Vault XP
 C = Vault XP percentage of total XP
 D = Non-vault monster count
 E = Vault monster count
 F = Vault count percentage of total count
                 A         B        C        D         E       F
            +---------+---------+-------+---------+---------+-------
      Total |     562 |     412 |  42.3 |      68 |       4 |   5.6
            +---------+---------+-------+---------+---------+-------
        D:1 |      22 |       0 |   0.0 |      11 |       0 |   0.0
        D:2 |      80 |      36 |  31.0 |      22 |       1 |   4.3
        D:3 |      34 |      40 |  54.1 |      12 |       1 |   7.7
        D:4 |     426 |     336 |  44.1 |      23 |       2 |   8.0
            +---------+---------+-------+---------+---------+-------
